Workbook

Sheet Summary
A1: Our Lady of Potential Opportunity
A2: Six Years Ending 6/30/27
A3: Updated 8/2/24
A4: Summary:
A5: Step #1 - Drop in Your Original Actuals | C5: YE 6/30/21 Arch. | D5: General Ledger Accounts | G5: YE 6/30/22 Arch. | J5: YE 6/30/23 Arch.
E6: Actual 2021/2022 | H6: Actual 2022/2023 | K6: Actual 2023/2024 | M6: Budget 2024/2025 | O6: Projection 2025/2026 | Q6: Projection 2026/2027
A10: Revenue
B11: Tuition , Fees Fin. Aid & Scholarships | C11: 0.63 | D11: 42XX except 4225 and 4226 | E11: 1897000 | F11: =E11/E$21 -> 0.71022089 | G11: 0.67 | H11: 2077500 | I11: =H11/H$21 -> 0.76759653 | J11: 0.736 | K11: 2240000 | L11: =K11/K$21 -> 0.77268023 | M11: =M30*M32 -> 2375520 | N11: =M11/M$21 -> 0.77912213 | O11: =O30*O32 -> 2499400 | P11: =O11/O$21 -> 0.78407592 | Q11: =Q30*Q32 -> 2671652.9 | R11: =Q11/Q$21 -> 0.79154954
B12: Parish Support | C12: 0.06 | D12: 4225 and 4226 | E12: 124000 | F12: =E12/E$21 -> 0.04642456 | G12: 0.05 | H12: 124000 | I12: =H12/H$21 -> 0.045815629 | J12: 0.052 | K12: 124000 | L12: =K12/K$21 -> 0.04277337 | M12: 124000 | N12: =M12/M$21 -> 0.040669472 | O12: 124000 | P12: =O12/O$21 -> 0.038899502 | Q12: 124000 | R12: =Q12/Q$21 -> 0.036738359
B13: Neighboring Parish Support | E13: 0 | F13: =E13/E$21 -> 0 | H13: 0 | I13: =H13/H$21 -> 0 | K13: 0 | L13: =K13/K$21 -> 0 | M13: 0 | N13: =M13/M$21 -> 0 | O13: 0 | P13: =O13/O$21 -> 0 | Q13: 0 | R13: =Q13/Q$21 -> 0
B14: Archdiocesan Support | E14: 0 | F14: =E14/E$21 -> 0 | H14: 0 | I14: =H14/H$21 -> 0 | K14: 0 | L14: =K14/K$21 -> 0 | M14: 0 | N14: =M14/M$21 -> 0 | O14: 0 | P14: =O14/O$21 -> 0 | Q14: 0 | R14: =Q14/Q$21 -> 0
B15: Fundraising & Gifts | C15: 0.17 | D15: 43XX and 44XX | E15: 400000 | F15: =E15/E$21 -> 0.14975665 | G15: 0.16 | H15: 325000 | I15: =H15/H$21 -> 0.12008129 | J15: 0.154 | K15: 375000 | L15: =K15/K$21 -> 0.12935495 | M15: =Assumptions!H14 -> 386250 | N15: =M15/M$21 -> 0.12668213 | O15: =Assumptions!J14 -> 397837.5 | P15: =O15/O$21 -> 0.12480388 | Q15: =Assumptions!L14 -> 409772.62 | R15: =Q15/Q$21 -> 0.12140624
B16: Bequests | E16: 0 | F16: =E16/E$21 -> 0 | H16: 0 | I16: =H16/H$21 -> 0 | K16: 0 | L16: =K16/K$21 -> 0 | M16: 0 | N16: =M16/M$21 -> 0 | O16: 0 | P16: =O16/O$21 -> 0 | Q16: 0 | R16: =Q16/Q$21 -> 0
B17: PPP-1 | E17: 0 | F17: =E17/E$21 -> 0 | H17: 0 | I17: =H17/H$21 -> 0 | K17: 0 | L17: =K17/K$21 -> 0 | M17: 0 | N17: =M17/M$21 -> 0 | O17: 0 | P17: =O17/O$21 -> 0 | Q17: 0 | R17: =Q17/Q$21 -> 0
B18: PPP-2 | E18: 0 | F18: =E18/E$21 -> 0 | H18: 0 | I18: =H18/H$21 -> 0 | K18: 0 | L18: =K18/K$21 -> 0 | M18: 0 | N18: =M18/M$21 -> 0 | O18: 0 | P18: =O18/O$21 -> 0 | Q18: 0 | R18: =Q18/Q$21 -> 0
B19: Fulcrum - Covid Grant | E19: 0 | F19: =E19/E$21 -> 0 | H19: 0 | I19: =H19/H$21 -> 0 | K19: 0 | L19: =K19/K$21 -> 0 | M19: 0 | N19: =M19/M$21 -> 0 | O19: 0 | P19: =O19/O$21 -> 0 | Q19: 0 | R19: =Q19/Q$21 -> 0
B20: Business & Other Revenue | C20: 0.14 | D20: 45XX, 46XX & 47XX | E20: 250000 | F20: =E20/E$21 -> 0.093597903 | G20: 0.12 | H20: 180000 | I20: =H20/H$21 -> 0.066506558 | J20: 0.058 | K20: 160000 | L20: =K20/K$21 -> 0.055191445 | M20: =Assumptions!H16 -> 163200 | N20: =M20/M$21 -> 0.053526273 | O20: =Assumptions!J16 -> 166464 | P20: =O20/O$21 -> 0.0522207 | Q20: =Assumptions!L16 -> 169793.28 | R20: =Q20/Q$21 -> 0.050305858
B21: TOTAL REVENUE | E21: =SUM(E10:E20) -> 2671000 | H21: =SUM(H10:H20) -> 2706500 | K21: =SUM(K10:K20) -> 2899000 | M21: =SUM(M10:M20) -> 3048970 | O21: =SUM(O10:O20) -> 3187701.5 | Q21: =SUM(Q10:Q20) -> 3375218.8
A22: Expenses
B23: Salaries | C23: 0.58 | D23: 51XX | E23: 1590673 | F23: =E23/E$26 -> 0.60703303 | G23: 0.6 | H23: 1745513.4 | I23: =H23/H$26 -> 0.62672561 | J23: 0.604 | K23: 1766435 | L23: =K23/K$26 -> 0.63859412 | M23: =Assumptions!H18 -> 1926093.5 | N23: =M23/M$26 -> 0.64563162 | O23: =Assumptions!J18 -> 2022398.2 | P23: =O23/O$26 -> 0.64903024 | Q23: =Assumptions!L18 -> 2202167 | R23: =Q23/Q$26 -> 0.65646339
B24: Benefits | C24: 0.19 | D24: 52XX | E24: 404733 | F24: =E24/E$26 -> 0.15445431 | G24: 0.15 | H24: 485167.2 | I24: =H24/H$26 -> 0.17419901 | J24: 0.153 | K24: 463655 | L24: =K24/K$26 -> 0.1676186 | M24: =Assumptions!H22 -> 510414.79 | N24: =M24/M$26 -> 0.17109238 | O24: =Assumptions!J22 -> 535935.53 | P24: =O24/O$26 -> 0.17199301 | Q24: =Assumptions!L22 -> 583574.24 | R24: =Q24/Q$26 -> 0.1739628
B25: All Other Expenses | C25: 0.23 | D25: 55XX to 66XX | E25: 625000 | F25: =E25/E$26 -> 0.23851266 | G25: 0.25 | H25: =2785131.13-1745513-485167 -> 554451.13 | I25: =H25/H$26 -> 0.19907537 | J25: 0.244 | K25: 536041 | L25: =K25/K$26 -> 0.19378728 | M25: =Assumptions!H25 -> 546761.82 | N25: =M25/M$26 -> 0.183276 | O25: =Assumptions!J25 -> 557697.06 | P25: =O25/O$26 -> 0.17897675 | Q25: =Assumptions!L25 -> 568851 | R25: =Q25/Q$26 -> 0.16957382
B26: TOTAL EXPENSES | E26: =SUM(E23:E25) -> 2620406 | H26: =SUM(H23:H25) -> 2785131.7 | K26: =SUM(K23:K25) -> 2766131 | M26: =SUM(M23:M25) -> 2983270.2 | O26: =SUM(O23:O25) -> 3116030.8 | Q26: =SUM(Q23:Q25) -> 3354592.2
A27: NET | E27: =E21-E26 -> 50594 | H27: =H21-H26 -> -78631.72 | K27: =K21-K26 -> 132869 | M27: =M21-M26 -> 65699.842 | O27: =O21-O26 -> 71670.642 | Q27: =Q21-Q26 -> 20626.624
B29: Tuition and Fees / Salaries & Benefits | E29: =(E11)/(E23+E24) -> 0.95068372 | H29: =(H11)/(H23+H24) -> 0.93133011 | K29: =(K11)/(K23+K24) -> 1.0044438 | M29: =(M11)/(M23+M24) -> 0.97496896 | O29: =(O11)/(O23+O24) -> 0.97696399 | Q29: =(Q11)/(Q23+Q24) -> 0.95904563
B30: Total Enrollment - start of year | E30: 271 | H30: 277 | K30: 280 | M30: =Assumptions!H8 -> 282.8 | O30: =Assumptions!J8 -> 285.628 | Q30: =Assumptions!L8 -> 288.48428
B32: Tuition , etc. per Student | E32: =E11/E30 -> 7000 | H32: =H11/H30 -> 7500 | K32: =K11/K30 -> 8000 | M32: =Assumptions!H12 -> 8400 | O32: =Assumptions!J10 -> 8750.5425 | Q32: =Assumptions!L12 -> 9261
B33: Total Revenue per Student | E33: =E21/E30 -> 9856.0886 | H33: =H21/H30 -> 9770.7581 | K33: =K21/K30 -> 10353.571 | M33: =M21/M30 -> 10781.365 | O33: =O21/O30 -> 11160.326 | Q33: =Q21/Q30 -> 11699.836
B34: Salaries & Benefits per Student | E34: =(E23+E24)/E30 -> 7363.1218 | H34: =(H23+H24)/H30 -> 8052.9985 | K34: =(K23+K24)/K30 -> 7964.6071 | M34: =(M23+M24)/M30 -> 8615.6589 | O34: =(O23+O24)/O30 -> 8956.8731 | Q34: =(Q23+Q24)/Q30 -> 9656.4749
B35: Total Expenses per Student | E35: =E26/E30 -> 9669.3948 | H35: =H26/H30 -> 10054.627 | K35: =K26/K30 -> 9879.0393 | M35: =M26/M30 -> 10549.046 | O35: =O26/O30 -> 10909.402 | Q35: =Q26/Q30 -> 11628.336
B37: Base Tuition Level | E37: 7200 | H37: 7488 | K37: 7937 | M37: =Assumptions!H10 -> 8333.85 | O37: =Assumptions!J10 -> 8750.5425 | Q37: =Assumptions!L10 -> 9188.0696
B38: Percent of Base Tution Collected | E38: =E32/E37 -> 0.97222222 | H38: =H32/H37 -> 1.0016026 | K38: =K32/K37 -> 1.0079375 | M38: =M32/M37 -> 1.0079375 | O38: =O32/O37 -> 1 | Q38: =Q32/Q37 -> 1.0079375

Sheet Assumptions
A1: =Summary!A1 -> Our Lady of Potential Opportunity
A2: =Summary!A2 -> Six Years Ending 6/30/27
A3: =Summary!A3 -> Updated 8/2/24
A4: Assumptions:
A5: Step #2 - Fill in Yellow Cells | B5: /-----------------------------------History--------------------------------/ | G5: /--------------------------------------Projection-----------------------------------/
B6: Actual 2021/2022 | C6: Change | D6: Actual 2022/2023 | E6: Change | F6: Actual 2023/2024 | G6: Change | H6: Budget 2024/2025 | I6: Change | J6: Projection 2025/2026 | K6: Change | L6: Projection 2026/2027
A8: #1 Enrollment | B8: =Summary!E30 -> 271 | C8: =(D8-B8)/B8 -> 0.022140221 | D8: =Summary!H30 -> 277 | E8: =(F8-D8)/D8 -> 0.010830325 | F8: =Summary!K30 -> 280 | G8: 0.01 | H8: =F8*(1+G8) -> 282.8 | I8: 0.01 | J8: =H8*(1+I8) -> 285.628 | K8: 0.01 | L8: =J8*(1+K8) -> 288.48428
A10: #2 Base Tuiton | B10: =Summary!E37 -> 7200 | C10: =(D10-B10)/B10 -> 0.04 | D10: =Summary!H37 -> 7488 | E10: =(F10-D10)/D10 -> 0.059962607 | F10: =Summary!K37 -> 7937 | G10: 0.05 | H10: =F10*(1+G10) -> 8333.85 | I10: 0.05 | J10: =H10*(1+I10) -> 8750.5425 | K10: 0.05 | L10: =J10*(1+K10) -> 9188.0696
A12: #3 Tuition, Etc. / Student | B12: =Summary!E32 -> 7000 | C12: =(D12-B12)/B12 -> 0.071428571 | D12: =Summary!H32 -> 7500 | E12: =(F12-D12)/D12 -> 0.066666667 | F12: =Summary!K32 -> 8000 | G12: 0.05 | H12: =F12*(1+G12) -> 8400 | I12: 0.05 | J12: =H12*(1+I12) -> 8820 | K12: 0.05 | L12: =J12*(1+K12) -> 9261
A14: #4 Fundraising & Gifts | B14: =Summary!E15 -> 400000 | C14: =(D14-B14)/B14 -> -0.1875 | D14: =Summary!H15 -> 325000 | E14: =(F14-D14)/D14 -> 0.15384615 | F14: =Summary!K15 -> 375000 | G14: 0.03 | H14: =F14*(1+G14) -> 386250 | I14: 0.03 | J14: =H14*(1+I14) -> 397837.5 | K14: 0.03 | L14: =J14*(1+K14) -> 409772.62
A16: #5 Business & Other Revenue | B16: =Summary!E20 -> 250000 | C16: =(D16-B16)/B16 -> -0.28 | D16: =Summary!H20 -> 180000 | E16: =(F16-D16)/D16 -> -0.11111111 | F16: =Summary!K20 -> 160000 | G16: 0.02 | H16: =F16*(1+G16) -> 163200 | I16: 0.02 | J16: =H16*(1+I16) -> 166464 | K16: 0.02 | L16: =J16*(1+K16) -> 169793.28
A18: #6 Salaries | B18: =Summary!E23 -> 1590673 | D18: =Summary!H23 -> 1745513.4 | F18: =Summary!K23 -> 1766435 | H18: =H20*H19 -> 1926093.5 | J18: =J20*J19 -> 2022398.2 | L18: =L20*L19 -> 2202167
A19: Staff Members | B19: 26 | C19: =(D19-B19)/B19 -> 0.038461538 | D19: 27 | E19: =(F19-D19)/D19 -> -0.037037037 | F19: 26 | H19: 27 | J19: =H19*(1+I19) -> 27 | L19: 28
A20: Salary per Staff | B20: =B18/B19 -> 61179.731 | C20: =(D20-B20)/B20 -> 0.056700369 | D20: =D18/D19 -> 64648.644 | E20: =(F20-D20)/D20 -> 0.050908471 | F20: =F18/F19 -> 67939.808 | G20: 0.05 | H20: =F20*(1+G20) -> 71336.798 | I20: 0.05 | J20: =H20*(1+I20) -> 74903.638 | K20: 0.05 | L20: =J20*(1+K20) -> 78648.82
A22: #7 Benefits | B22: =Summary!E24 -> 404733 | D22: =Summary!H24 -> 485167.2 | F22: =Summary!K24 -> 463655 | H22: =H18*H23 -> 510414.79 | J22: =J18*J23 -> 535935.53 | L22: =L18*L23 -> 583574.24
A23: Percent of Salaries | B23: =B22/B18 -> 0.25444136 | D23: =D22/D18 -> 0.277951 | F23: =F22/F18 -> 0.26248065 | H23: 0.265 | J23: 0.265 | L23: 0.265
A25: #8 All Other Expenses | B25: =Summary!E25 -> 625000 | C25: =(D25-B25)/B25 -> -0.11287819 | D25: =Summary!H25 -> 554451.13 | E25: =(F25-D25)/D25 -> -0.033204243 | F25: =Summary!K25 -> 536041 | G25: 0.02 | H25: =F25*(1+G25) -> 546761.82 | I25: 0.02 | J25: =H25*(1+I25) -> 557697.06 | K25: 0.02 | L25: =J25*(1+K25) -> 568851

Sheet Optional Ideas
A1: =Summary!A1 -> Our Lady of Potential Opportunity
A2: =Summary!A2 -> Six Years Ending 6/30/27
A3: =Summary!A3 -> Updated 8/2/24
A4: Optional Detail - Step 3
A6: Part # 1 - Enrollment
C7: Before K | D7: K | E7: 1 | F7: 2 | G7: 3 | H7: 4 | I7: 5 | J7: 6 | K7: 7 | L7: 8 | M7: Total
A8: Actual | B8: 2021/2022 | C8: 0 | D8: 0 | E8: 0 | F8: 0 | G8: 0 | H8: 0 | I8: 0 | J8: 0 | K8: 0 | L8: 0 | M8: =SUM(C8:L8) -> 0
A9: Actual | B9: 2022/2023 | C9: 0 | D9: 0 | E9: 0 | F9: 0 | G9: 0 | H9: 0 | I9: 0 | J9: 0 | K9: 0 | L9: 0 | M9: =SUM(C9:L9) -> 0
A10: Actual | B10: 2023/2024 | C10: 0 | D10: 0 | E10: 0 | F10: 0 | G10: 0 | H10: 0 | I10: 0 | J10: 0 | K10: 0 | L10: 0 | M10: =SUM(C10:L10) -> 0
A11: Budget | B11: 2024/2025 | C11: 0 | D11: 0 | E11: 0 | F11: 0 | G11: 0 | H11: 0 | I11: 0 | J11: 0 | K11: 0 | L11: 0 | M11: =SUM(C11:L11) -> 0
A12: Projection | B12: 2025/2026 | C12: 0 | D12: 0 | E12: 0 | F12: 0 | G12: 0 | H12: 0 | I12: 0 | J12: 0 | K12: 0 | L12: 0 | M12: =SUM(C12:L12) -> 0
A13: Projection | B13: 2026/2027 | C13: 0 | D13: 0 | E13: 0 | F13: 0 | G13: 0 | H13: 0 | I13: 0 | J13: 0 | K13: 0 | L13: 0 | M13: =SUM(C13:L13) -> 0
B14: Step 1A - Fill in your actual enrollment history for 2021/2022, 2022/2023 and 2023/2024.
B15: Step 1B - Manually project your enrollment by the ten "grade levels" for 2024/2025, 2025/2026 and 2026/2027.
B16: Step 1C (Optional) - Work with John S to project by formula the ten "grade levels" for 2024/2025, 2025/2026 and 2026/2027.
B17: Step 1D - Link the totals in column M to line 8 on the Assumptions tab.
A19: Part #2 - Tuition Breakout - use history to project future years
A20: Idea #1 | B20: Break "Education Revenue" down into Tuition, Fees and Financial Aid (by years 2021/2022 to 2026/2027).
A21: Idea #2 | B21: Break Tuition down into K-8 vs. Preschool (by years 2021/2022 to 2026/2027).
A22: Idea #3 | B22: Break Fees down into Registration and Other (by years 2021/2022 to 2026/2027).
A23: Idea #4 | B23: Break down Financial Aid by source (by years 2021/2022 to 2026/2027).
B24: Lean on John S as to how you might impliment.
A26: Part #3 - Salaries
A27: Idea #1 | B27: Break out each role by historical year (3) and project future years (3).
A28: Idea #2 | B28: Budget Salaries in groups - K-8 Teachers, Preschool, Administration by historical year (3) and project future years (3).
B29: Lean on John S as to how you might impliment.
